 Dungeon Crawl Stone Soup version 0.27-a0-148-g9515ab555c (webtiles) character file.

Game seed: 2995820425962384700

8 knot the Chopper (level 2, 24/24 HPs)
             Began as a Demonspawn Berserker on Jan 26, 2021.
             Was a Follower of Trog.
             Quit the game on level 1 of the Dungeon.
             The game lasted 00:00:15 (210 turns).

knot the Chopper (Demonspawn Berserker)              Turns: 210, Time: 00:00:15

Health: 24/24      AC:  2    Str: 17    XL:     2   Next: 0%
Magic:  2/2        EV: 12    Int:  8    God:    Trog [*.....]
Gold:   0          SH:  0    Dex: 12    Spells: 1/1 levels left

rFire    . . .     SeeInvis .   a - +0 hand axe
rCold    . . .     Faith    .   (no shield)
rNeg     . . .     Spirit   .   b - +0 animal skin
rPois    .         Reflect  .   (no helmet)
rElec    .         Harm     .   (no cloak)
rCorr    .         Rampage  .   (no gloves)
Will     .....                  (no boots)
Stlth    +.........             (no amulet)
HPRegen  0.08/turn              (no ring)
MPRegen  0.08/turn              (no ring)

@: no status effects
A: claws 1
a: Renounce Religion, Berserk


You were on level 1 of the Dungeon.
You worshipped Trog.
Trog was aware of your devotion.
You visited 1 branch of the dungeon, and saw 1 of its levels.

Inventory:

Hand Weapons
 a - a +0 hand axe (weapon)
Missiles
 c - 3 stones
Armour
 b - a +0 animal skin (worn)
Scrolls
 d - a scroll of blinking {unknown}


   Skills:
 - Level 3.0 Fighting
 + Level 3.2 Axes
 - Level 1.7 Armour
 - Level 1.7 Dodging


You had one spell level left.
You didn't know any spells.
Your spell library was empty.

Dungeon Overview and Level Annotations

Branches:
Dungeon (1/15)

Altars:


Innate Abilities, Weirdness & Mutations

You have sharp fingernails.


Message History

The giant cockroach is moderately wounded.
The giant cockroach closely misses you.
You hit the giant cockroach but do no damage.
The giant cockroach is moderately wounded.
The giant cockroach barely misses you.
The giant cockroach bites you but does no damage.
You hit the giant cockroach but do no damage.
The giant cockroach is moderately wounded.
The giant cockroach bites you but does no damage.
You barely miss the giant cockroach.
The giant cockroach is moderately wounded.
The giant cockroach closely misses you.
You slash the giant cockroach!
You kill the giant cockroach!
Trog accepts your kill.
You have reached level 2!
You feel monstrous as your demonic heritage exerts itself.
Your demonic ancestry asserts itself...
Your fingernails lengthen.
Are you sure you want to abandon this character and quit the game? (Confirm with "yes".)

#..####.##..#..##.............
#. #.#..#...#..#†)##...... #
.##...#..##...#...#
#.#..#...#..#....#
#.##......##.....#
##.#...#.........##
#.#...#..##.##....###
#..#†..#.............
#†@....#...#.......
#...#...!###...##.....
#.##....#....#...#....
##...##.....#......... ####
################


There were no monsters in sight!

Vanquished Creatures
  A dart slug (D:1)
  A giant cockroach (D:1)
  A hobgoblin (D:1)
  A kobold (D:1)
  2 frilled lizards (D:1)
6 creatures vanquished.

Notes
Turn   | Place    | Note
-------+----------+-------------------------------------------
     0 | D:1      | knot the Demonspawn Berserker began the quest for the Orb.
     0 | D:1      | Reached XP level 1. HP: 18/18 MP: 1/1
   210 | D:1      | Gained mutation: You have sharp fingernails. [demonic
                  | ancestry]
   210 | D:1      | Reached XP level 2. HP: 24/24 MP: 2/2
   210 | D:1      | Quit the game

Illustrated notes

Levels and vault maps discovered:
D:1:      erik_arrival_cave_to_civilisation [erik_arrival_cave_to_hall],
          layout_basic

Skill      XL: |  1 |
---------------+----+-----
Axes           | 3 |  3.2
Fighting       | |  3.0
Armour         | |  1.7
Dodging        | |  1.7

Action                   || total
-------------------------++-------
Melee: Hand axe          ||    23
Invok: Berserk           ||     1
Armor: Animal skin       ||     5
Dodge: Dodged            ||    16

Table legend: (Time is in decaauts)
 A = Elapsed time spent in this place.
 B = Non-inter-level travel time spent in this place.
 C = Inter-level travel time spent in this place.
 D = Time resting spent in this place.
 E = Time spent auto-exploring this place.
 F = Levels seen in this place.
 G = Mean time per level.
                   A        B        C        D        E       F      G
               +--------+--------+--------+--------+--------+-----+--------+
         Total |    219 |    219 |      0 |    154 |     25 |   1 |  219.0 |
       Dungeon |    219 |    219 |      0 |    154 |     25 |   1 |  219.0 |
               +--------+--------+--------+--------+--------+-----+--------+

Top non-repeatable levels by time:
     D:1: 219 daAuts
